AoeStats
← The Potato King

Arabia

509795535Analyzed
2v2 RM · 6d ago on Sep 28, 2026· 54m 20s· 4 players
Game mode
Random Map
Map size
Medium (4 player)
Population
200
Speed
Normal
Resources
Standard
Victory
Conquest
Starting age
Dark Age
Ending age
Imperial Age
RankedLock teamsTeams togetherTeam positionsShared explorationLock speedFull tech treeHidden civsTurbo modeCheats
Victory
Defeat
🇺🇸 Varangians · United States
1220
+14
🇺🇸 Huns · United States
1220
+14
🇬🇧 Franks · United Kingdom
1185
-14
🇬🇧 Franks · United Kingdom
1181
-14
LethalHubris
6:27 Loom
9:32 Feudal Age
10:10 Double-Bit Axe
10:06 Horse Collar
15:17 Wheelbarrow
16:36 Gold Mining
18:53 Castle Age
18:16 Bloodlines
18:12 Scale Barding Armor
18:42 Forging
19:56 Bow Saw
20:51 Husbandry
21:31 Iron Casting
25:34 Chain Barding Armor
32:25 Town Watch
38:12 Imperial Age
37:53 Stone Mining
38:13 Cavalier
39:29 Plate Barding Armor
39:55 Blast Furnace
41:37 Gold Shaft Mining
41:16 Fletching
42:16 Bodkin Arrow
45:35 Paladin
50:58 Spies/Treason
52:01 Conscription
52:22 Light Cavalry
53:04 Bracer
53:05 Padded Archer Armor
53:25 Hussar
Stonefoot28
7:29 Loom
10:31 Feudal Age
11:23 Double-Bit Axe
12:34 Horse Collar
19:49 Castle Age
18:12 Gold Mining
18:58 Scale Mail Armor
18:48 Arson
19:45 Forging
19:48 Bloodlines
19:44 Scale Barding Armor
19:38 Town Watch
20:58 Wheelbarrow
21:01 Bow Saw
21:16 Heavy Plow
21:43 Squires
21:44 Pikeman
26:52 Chain Mail Armor
26:27 Arson
27:42 Iron Casting
30:55 Stone Mining
38:44 Imperial Age
36:47 Hand Cart
36:22 Gambesons
35:58 Man-at-Arms
37:24 Chain Barding Armor
37:03 Fletching
38:37 Stone Shaft Mining
37:39 Long Swordsman
38:36 Bodkin Arrow
40:08 Elite Varangian Guard
41:59 Plate Mail Armor
42:31 Capped Ram
43:04 Halberdier
47:35 Conscription
48:43 Blast Furnace
50:46 Spies/Treason
52:15 Light Cavalry
53:01 Husbandry
Earl J Turkey
7:11 Loom
10:54 Feudal Age
14:01 Double-Bit Axe
19:34 Castle Age
18:30 Scale Barding Armor
18:43 Fletching
20:36 Bodkin Arrow
21:19 Forging
24:27 Chain Barding Armor
33:02 Ballistics
32:44 Padded Archer Armor
37:52 Husbandry
39:11 Wheelbarrow
The Potato King
3:29 Loom
11:55 Feudal Age
12:51 Double-Bit Axe
16:11 Wheelbarrow
18:04 Castle Age
21:31 Bow Saw
24:09 Husbandry
24:33 Gold Mining
27:27 Scale Barding Armor
27:35 Forging
30:32 Wheelbarrow
34:34 Iron Casting
35:28 Squires
39:03 Imperial Age
37:15 Hand Cart
37:46 Chain Barding Armor
39:08 Cavalier
40:39 Plate Barding Armor
40:57 Paladin
44:17 Chivalry
Connection lost

Rejoining the realm…

Still unreachable

The connection could not be restored.

Session expired

The server has moved on; the page needs a fresh start.